 Dungeon Crawl Stone Soup version 0.31.0-32-g396128a36d (webtiles) character file.

Game seed: 4136004428724691380

238 Henri the Ruffian (level 6, -1/42 HPs)
             Began as an Octopode Shapeshifter on Apr 6, 2024.
             Slain by a human zombie (5 damage)
             ... in an ossuary.
             The game lasted 00:05:51 (2230 turns).

Henri the Ruffian (Octopode Shapeshifter)           Turns: 2230, Time: 00:05:51

Health: -1/42      AC:  1    Str: 13 (16) XL:     6   Next: 7%
Magic:  6/6        EV: 13    Int: 10 (12) God:
Gold:   153        SH:  0    Dex:  8 (11) Spells: 5/5 levels left

rFire   + .          .
                       - Unarmed
rCold   + . .        (no shield)
rNeg    . . .        (helmet currently unavailable)
rPois   +            (no amulet)
rElec   +            (no ring)
rCorr   +            (no ring)
SInv    .            (no ring)
Will    .....        (no ring)
Stlth   ++           (no ring)
HPRegen 0.27/turn    (no ring)
MPRegen 0.10/turn    (no ring)
                     (no ring)

%: no passive effects
@: beast-form, resistant
A: beast (slay +2), almost no armour, amphibious, 8 rings, camouflage 1,
gelatinous body 1, (nimble swimmer 1), tentacles
a: Begin Untransformation


You were in an ossuary.
You were a hulking beast.
You visited 1 branch of the dungeon, and saw 4 of its levels.
You also visited: Ossuary.

You collected 153 gold pieces.

Inventory:

Missiles
 j - 3 poisoned darts (quivered)
Talismans
 b - a beast talisman
 c - a flux talisman
Wands
 o - a wand of mindburst (16)
Scrolls
 f - a scroll of immolation
 g - a scroll of brand weapon
Potions
 a - a potion of lignification


   Skills:
 + Level 3.1 Fighting
 - Level 2.0 Dodging
 * Level 5.4 Unarmed Combat
 - Level 3.5 Shapeshifting


You had 5 spell levels left.
You didn't know any spells.
Your spell library contained the following spells:

 Spells                   Type           Power      Damage    Failure   Level
 Apportation              Tloc           0%         N/A       36%         1
 Sting                    Conj/Alch      0%         1d3       36%         1
 Jinxbite                 Hex            0%         N/A       50%         2
 Sticky Flame             Fire/Alch      0%         2d4       98%         4
 Alistair's Intoxication  Alch           0%         N/A       100%        5
 Starburst                Conj/Fire      0%         6d3       100%        6
 Fire Storm               Conj/Fire      0%         5d1       100%        9


Dungeon Overview and Level Annotations

Branches:
Dungeon (4/15)            Ossuary (1/1)
 Temple: D:4-7

Altars:
Cheibriados
Uskayaw

Annotations:
D:1 reveal?
D:4 Eustachio


Innate Abilities, Weirdness & Mutations

You are a hulking beast.
Your limbs bulge with bestial killing power. (Slay +2)
You cannot wear most types of armour.
You are amphibious.
You can wear up to eight rings at the same time.
Your skin changes colour to match your surroundings (Stealth+).
Your rubbery body absorbs attacks. (AC +1, EV +1)
((You are camouflaged when in or above water. (Stealth+)))
You have tentacles for arms and can constrict up to eight enemies at once.


Message History

You constrict the human zombie. The human zombie hits you.
The elf zombie hits you.
The gnoll zombie hits you but does no damage.
The orc zombie misses you. The adder zombie barely misses you.
The adder zombie misses you. The human zombie hits you.
The rat zombie bites you.
Okay, then.
Okay, then.
Unknown command.
You bludgeon the human zombie! You squeeze the human zombie!
The human zombie is heavily damaged.
You constrict the human zombie. The adder zombie bites you.
The adder zombie completely misses you. The elf zombie barely misses you.
The human zombie hits you but does no damage.
The orc zombie hits you. The gnoll zombie hits you. The rat zombie misses you.
The human zombie hits you.
* * * LOW HITPOINT WARNING * * *
You feel better.
You constrict the human zombie. The adder zombie misses you.
The adder zombie bites you. The elf zombie barely misses you.
The human zombie barely misses you. The gnoll zombie hits you.
* * * LOW HITPOINT WARNING * * *
The orc zombie misses you.
Unknown command.
It was a potion of degeneration.
There was something very wrong with that liquid.
You feel weakened.
You feel dopey.
You feel clumsy.
You constrict the human zombie. The human zombie misses you.
The rat zombie closely misses you. The adder zombie closely misses you.
The adder zombie bites you.
* * * LOW HITPOINT WARNING * * *
It was a potion of resistance.
You feel protected.
You constrict the human zombie. The adder zombie closely misses you.
The adder zombie completely misses you. The human zombie hits you.
* * * LOW HITPOINT WARNING * * *
The elf zombie barely misses you. The orc zombie barely misses you.
The gnoll zombie hits you.
* * * LOW HITPOINT WARNING * * *
The human zombie hits you.
You die...

...............
...............
...............
...............
...............
...............
......ZZZ......
......ZhZZ.....
.....ZZZZ......
.......Z.......
...............
...............
...............
...............
...............


You could see 2 adder zombies, 2 rat zombies, a goblin zombie, 2 gnoll zombies,
an orc zombie, an elf zombie and 2 human zombies.

Vanquished Creatures
  A bombardier beetle (D:3)
  A sleepcap (D:4)
  An iguana (D:4)
  A hound zombie (Ossuary)
  4 adders
  2 ribbon worms
  4 dart slugs
  3 orcs (D:3)
  7 ball pythons
  5 bats
  7 endoplasms
  13 giant cockroaches
  5 goblins
  4 hobgoblins
  2 jackals (D:3)
  4 quokkas
  3 frilled lizards
  4 kobolds
  10 rats
81 creatures vanquished.

Notes
Turn   | Place    | Note
-------+----------+-------------------------------------------
     0 | D:1      | Henri the Octopode Shapeshifter began the quest for the
                  | Orb.
     0 | D:1      | Reached XP level 1. HP: 13/13 MP: 1/1
    89 | D:1      | Reached XP level 2. HP: 18/18 MP: 2/2
   341 | D:1      | Reached XP level 3. HP: 23/23 MP: 3/3
   743 | D:2      | Found a hide-covered altar of Uskayaw.
   791 | D:2      | Found a faded altar of an unknown god.
   998 | D:2      | Reached skill level 4 in Unarmed Combat
   998 | D:2      | Reached XP level 4. HP: 29/29 MP: 4/4
  1427 | D:3      | Got the Volume of the Vitriolic Pyre
  1573 | D:3      | Reached XP level 5. HP: 35/35 MP: 5/5
  1615 | D:3      | Found a snail-covered altar of Cheibriados.
  2012 | D:4      | Noticed Eustachio
  2101 | D:4      | Reached skill level 5 in Unarmed Combat
  2202 | D:4      | Reached XP level 6. HP: 39/42 MP: 6/6
  2208 | D:4      | Found a sand-covered staircase.
  2216 | Ossuary  | Entered an ossuary
  2230 | Ossuary  | Slain by a human zombie

Illustrated notes

Levels and vault maps discovered:
D:1:      nagdon_arrival_zigzag_paths, layout_rooms, minmay_misc_feat_nine_boxes
D:2:      minmay_roachtagon, layout_basic, basic_ecumenical_altar, basic_altar,
          minmay_ruptured
D:3:      layout_loops_ring, slow_altar_2, guppyfry_early_orc_mine
D:4:      layout_gridville, serial_shops, shop, nicolae_ossuary_entry_plus,
          feat_on_display, uniq_eustachio, uniq_crazy_yiuf_cottage
Ossuary:  ossuary_minmay_tomb_2a

Skill      XL: |  1  2  3  4  5 |
---------------+----------------+-----
Fighting       | 2 3 |  3.1
Unarmed Combat | 4 5 |  5.4
Dodging        | |  2.0
Shapeshifting  | |  3.5

Action                     |  1- 3 |  4- 6 || total
---------------------------+-------+-------++-------
  Melee: Unarmed           |    84 |    74 ||   158
         Tentacles         |    16 |    20 ||    36
         Constrict         |    20 |    26 ||    46
         Punch             |     2 |     4 ||     6
    Use: Scroll            |       |     7 ||     7
         Potion            |       |     3 ||     3
   Stab: Sleeping          |     3 |     2 ||     5
 Armour: Skin              |    26 |    44 ||    70
  Dodge: Dodged            |    38 |    57 ||    95
